 Dungeon Crawl Stone Soup version 0.24-a0-616-ge2a249a6fd (webtiles) character file.

Game seed: 17230173687517728033, levelgen mode: deterministic

13 MirrMurr the Sneak (level 2, 0/13 HPs)
             Began as a Spriggan Enchanter on Sept 14, 2019.
             Slain by a jackal (3 damage)
             ... on level 1 of the Dungeon.
             The game lasted 00:02:30 (366 turns).

MirrMurr the Sneak (Spriggan Enchanter)              Turns: 366, Time: 00:02:31

Health: 0/13       AC:  2    Str:  4    XL:     2   Next: 24%
Magic:  4/6        EV: 18    Int: 16    God:
Gold:   24         SH:  0    Dex: 16    Spells: 5/6 levels left

rFire    . . .     SeeInvis +   a - +1 dagger (flame)
rCold    . . .     Gourm    .   (shield restricted)
rNeg     . . .     Faith    .   b - +0 robe
rPois    .         Spirit   .   (helmet restricted)
rElec    .         Reflect  .   (no cloak)
rCorr    .         Harm     .   (gloves unavailable)
MR       .....                  (boots unavailable)
Stlth    +++.......             (no amulet)
HPRegen  0.04/turn              (no ring)
MPRegen  0.10/turn              (no ring)

@: very quick
A: very small, unfitting armour, see invisible, herbivore, speed 3, slow
metabolism 2
a: no special abilities


You were on level 1 of the Dungeon.
You were not hungry.

You visited 1 branch of the dungeon, and saw 1 of its levels.

You collected 24 gold pieces.

Inventory:

Hand Weapons
 a - a +1 dagger of flaming (weapon)
Armour
 b - a +0 robe (worn)
Jewellery
 d - an uncursed amulet of rage {unknown}
Scrolls
 g - a scroll of enchant weapon {unknown}
 h - a scroll of immolation {unknown}
Potions
 e - a potion of curing {unknown}
 f - a potion of heal wounds {unknown}
Comestibles
 c - 3 rations


   Skills:
 + Level 2.0 Short Blades
 - Level 3.0 Dodging
 + Level 5.1 Stealth
 - Level 2.6 Spellcasting
 - Level 3.6 Hexes


You had 5 spell levels left.
You knew the following spells:

 Your Spells              Type           Power        Failure   Level  Hunger
C - Corona                Hex            ##.....      4%          1    #......

Your spell library contained the following spells:

 Spells                   Type           Power        Failure   Level  Hunger
 Confuse                  Hex            ##......     13%         3    ###....
 Tukima's Dance           Hex            ##......     13%         3    ###....
 Ensorcelled Hibernation  Hex/Ice        #.....       14%         2    ##.....
 Dazzling Spray           Conj/Hex       #.....       28%         3    ###....


Dungeon Overview and Level Annotations

Branches:
Dungeon (1/15)

Altars:


Innate Abilities, Weirdness & Mutations

You are very small and have problems with some larger weapons.
You are too small for most types of armour.
You have supernaturally acute eyesight. (SInv)
You are a herbivore.
You cover ground extremely quickly.
You need to consume almost no food.


Message History

The jackal is almost dead.
The jackal bites something but does no damage.
The jackal closely misses you.
You hit the jackal. You burn the jackal.
You kill the jackal!
Your Short Blades skill increases to level 2!
Casting: Corona (safe; 4% risk of failure)
Confirm with . or Enter, or press ? or * to list all spells.
Aiming: Corona (safe; 4% risk of failure)
Press: ? - help, Shift-Dir - straight line, f - jackal
Aim: a jackal (chance to defeat MR: 67%)
The jackal is outlined in light.
The jackal barely misses you. The jackal completely misses you.
You barely miss the jackal.
The jackal bites you but does no damage.
You hit the jackal but do no damage. The jackal misses you.
You hit the jackal. You burn the jackal.
The jackal is severely wounded.
The jackal bites you.
You die...

.P♣ #.# .
P.♣ #.# #
P♣. ♣♣♣.#
.. PP♣.♣
.##
PP..♣♣...
♣P.PP.♣
P♣♣P..PP♣


PP♣h.PP.♣ ♣@♣P♣PP♣ ♣♣P♣♣ ♣♣ ♣.♣ .♣ . ## You could see a jackal.

Vanquished Creatures
  2 bats (D:1)
  A giant cockroach (D:1)
  2 goblins (D:1)
  A hobgoblin (D:1)
  2 jackals (D:1)
  A kobold (D:1)
  A ball python (D:1)
  A rat (D:1)
11 creatures vanquished.

Notes
Turn   | Place    | Note
-------+----------+-------------------------------------------
     0 | D:1      | MirrMurr the Spriggan Enchanter began the quest for the
                  | Orb.
     0 | D:1      | Reached XP level 1. HP: 9/9 MP: 5/5
   280 | D:1      | Reached XP level 2. HP: 13/13 MP: 6/6
   304 | D:1      | Reached skill level 5 in Stealth
   366 | D:1      | Slain by a jackal

Levels and vault maps discovered:
D:1:      psy_arrival_radial01, layout_loops_ring, serial_forest,
          infiniplex_forest_clump_curved, infiniplex_forest_lined_corner,
          infiniplex_forest_lined_room_3, infiniplex_forest_end_1,
          infiniplex_forest_straight_2, infiniplex_forest_3_way,
          infiniplex_forest_clump_medium, infiniplex_forest_end_1

Skill      XL: |  1  2 |
---------------+-------+-----
Stealth        | 5 |  5.1
Short Blades   | 2 |  2.0
Dodging        | |  3.0
Spellcasting   | |  2.6
Hexes          | |  3.6

Action                   || total
-------------------------++-------
Melee: Dagger            ||    36
 Cast: Corona            ||     4
 Stab: Sleeping          ||     6
Armor: Robe              ||     1
Dodge: Dodged            ||    23

Table legend:
 A = Non-vault XP
 B = Vault XP
 C = Vault XP percentage of total XP
 D = Non-vault monster count
 E = Vault monster count
 F = Vault count percentage of total count
                 A         B        C        D         E       F
            +---------+---------+-------+---------+---------+-------
      Total |      19 |       0 |   0.0 |      11 |       0 |   0.0
            +---------+---------+-------+---------+---------+-------
        D:1 |      19 |       0 |   0.0 |      11 |       0 |   0.0
            +---------+---------+-------+---------+---------+-------
